 Dungeon Crawl Stone Soup version 0.30.1-11-g7821555f0a (webtiles) character file.

Game seed: 9802953543052319735

14515 monsoonserge the Basher (level 12, -3/106 (115) HPs)
             Began as a Tengu Reaver on Jan 9, 2024.
             Was an Initiate of Gozag.
             Slain by a cane toad (14 damage)
             ... on level 1 of the Lair of Beasts on Jan 10, 2024.
             The game lasted 00:33:57 (9635 turns).

monsoonserge the Basher (Tengu Reaver)              Turns: 9635, Time: 00:33:58

HP:   -3/106 (115)  AC: 26    Str: 21    XL:     12   Next: 17%
MP:   17/17         EV:  2    Int: 21    God:    Gozag
Gold: 1416          SH:  0    Dex: 12    Spells: 12/17 levels left

rFire   . . .        p - +11 whip of Demand {flame, rN+ Int+4}
rCold   . . .        (no shield)
rNeg    + + .        N - melded +3 leather armour {rC+}
rPois   +            (helmet currently unavailable)
rElec   .            k - melded +2 cloak
rCorr   .            a - melded +0 pair of gloves
SInv    .            (boots unavailable)
Will    .....        J - amulet of regeneration
Stlth   +            d - ring of wizardry
HPRegen 1.17/turn    f - ring "Fonled" {rN+ Str+6}
MPRegen 0.15/turn

%: wizardry (x1)
@: mighty, lethally poisoned (-3 -> -5), tree-form, drained
A: stationary, stasis, torment immunity, boosted hp, (beak), (talons 3), nimble
flight
a: Renounce Religion, Potion Petition, Call Merchant, Bribe Branch


You were on level 1 of the Lair of Beasts.
You worshipped Gozag.
Gozag was most pleased with you.
You were a tree.
You visited 3 branches of the dungeon, and saw 13 of its levels.

You collected 2041 gold pieces.
You spent 585 gold pieces at shops.
You paid 40 gold pieces to Gozag.

Inventory:

Hand Weapons
 p - the +11 whip of Demand (weapon) {flame, rN+ Int+4}
   (You found it on level 3 of the Dungeon)

   Int:       It affects your intelligence (+4).
   rN:        It protects you from negative energy.
 D - a +0 arbalest of freezing
Missiles
 s - 17 boomerangs
 A - 7 poisoned darts (quivered)
Armour
 a - a +0 pair of gloves (melded)
 g - a +2 robe of positive energy
 k - a +2 cloak (melded)
 y - a +2 robe of willpower
 N - a +3 leather armour of cold resistance (melded)
 O - an orb of wrath
 R - a +2 scale mail of cold resistance
Magical Staves
 i - a staff of poison
 o - a staff of fire
Jewellery
 d - a ring of wizardry (left branch)
 f - the ring "Fonled" (right branch) {rN+ Str+6}
   (You acquired it on level 8 of the Dungeon)

   [ring of strength]

   Str:       It affects your strength (+6).
   rN:        It protects you from negative energy.
 r - a ring of fire
 x - an amulet of magic regeneration
 J - an amulet of regeneration (around neck)
 U - a +6 ring of intelligence
Wands
 G - a wand of paralysis (12)
 H - a wand of iceblast (10)
 I - a wand of flame (20)
 Q - a wand of digging (4)
Scrolls
 h - 5 scrolls of teleportation {unknown}
 t - a scroll of vulnerability
 u - 2 scrolls of poison
 v - 4 scrolls of enchant armour
 w - 3 scrolls of blinking
 z - 2 scrolls of magic mapping
 E - a scroll of summoning
 F - a scroll of fear
 K - a scroll of amnesia
 L - 3 scrolls of identify
 M - a scroll of enchant weapon
 P - a scroll of fog {unknown}
Potions
 c - 10 potions of curing
 e - 2 potions of flight {unknown}
 j - 2 potions of haste
 l - 3 potions of invisibility
 m - a potion of might
 n - 4 potions of mutation
 q - 2 potions of lignification
 B - a potion of cancellation
 C - 2 potions of magic
 S - a potion of brilliance {unknown}
 T - a potion of degeneration {unknown}


   Skills:
 + Level 9.7 Fighting
 - Level 1.2 Short Blades
 - Level 12.0 Maces & Flails
 + Level 4.7 Throwing
 + Level 4.9 Armour
 + Level 10.6 Dodging
 - Level 3.0 Spellcasting
 - Level 7.0 Conjurations
 - Level 1.0 Necromancy
 * Level 2.8 Translocations
 + Level 1.0 Evocations


You had 12 spell levels left.
You knew the following spells:

 Your Spells              Type           Power      Damage    Failure   Level
a - Kiss of Death         Conj/Necr      76%        2d11      1%          1
b - Iskenderun's Mystic   Conj/Tloc      23%        2d6       7%          4

Your spell library contained the following spells:

 Spells                   Type           Power      Damage    Failure   Level
 Momentum Strike          Conj/Tloc      46%        3d9       1%          2
 Dazzling Flash           Conj/Hex       34%        N/A       4%          3
 Hailstorm                Conj/Ice       17%        3d6       4%          3
 Scorch                   Fire           6%         2d5       9%          2
 Portal Projectile        Hex/Tloc       18%        N/A       9%          3
 Volatile Blastmotes      Fire/Tloc      18%        2d11      9%          3
 Flame Wave               Conj/Fire      17%        2d7       12%         4
 Tukima's Dance           Hex            3%         N/A       16%         3
 Blade Hands              Tmut           1%         N/A       78%         5
 Starburst                Conj/Fire      8%         6d4       86%         6
 Summon Cactus Giant      Summ           1%         N/A       100%        6


Dungeon Overview and Level Annotations

Branches:
Dungeon (11/15)            Temple (1/1) D:4            Lair (1/5) D:9
    Orc (0/2) D:11

Altars:
Ashenzari
Cheibriados
Dithmenos
Elyvilon
Fedhas
Gozag
Hepliaklqana
Kikubaaqudgha
Makhleb
Nemelex Xobeh
Okawaru
Qazlal
Ru
Sif Muna
Trog
Uskayaw
Vehumet
Wu Jian
Xom
Yredelemnul
Zin
The Shining One

Shops:
D:7 !*[(   D:9 !   D:11 :

Annotations:
D:7 3 runed translucent doors, Maggie; PaiMei's ghost, novice DsNe; TheCrowQ's ghost, novice DsIE; gummybears's ghost, novice TrFi; ritesign's ghost, novice DgCj
D:10 2 transporters, turdburglar's ghost, journeyman TrFi


Innate Abilities, Weirdness & Mutations

You are a tree.
Your roots penetrate the ground, keeping you stationary.
You cannot be teleported.
You are immune to unholy pain and torment.
Your maximum health is greatly increased.
Your equipment is partially melded.
((You have a beak for a mouth.))
((You have claws for feet.))
Your magical nature lets you fly swiftly and evasively.


Message History

* * * LOW HITPOINT WARNING * * *
You whack the yak! You burn the yak.
The yak is severely wounded.
The yak gores you but does no damage.
You closely miss the yak.
The yak is severely wounded.
The cane toad stings you but does no damage.
You whack the yak! You burn the yak.
The yak is almost dead.
The yak is no longer distracted by gold.
The yak gores you but does no damage.
The cane toad stings you but does no damage.
You completely miss the yak.
The yak is almost dead.
You whack the yak! You burn the yak.
You kill the yak!
The cane toad stings you!
* * * LOW HITPOINT WARNING * * *
Unknown command.
You barely miss the yak. You whack the yak! You burn the yak.
The yak is heavily wounded.
The yak gores you.
* * * LOW HITPOINT WARNING * * *
The cane toad stings you.
* * * LOW HITPOINT WARNING * * *
You are lethally poisoned!
The cane toad poisons you!
Okay, then.
You feel much better.
You feel very sick. The cane toad stings you!
* * * LOW HITPOINT WARNING * * *
The yak gores you but does no damage.
Okay, then.
You whack the yak! You burn the yak.
The yak is almost dead.
You feel sick. The cane toad stings you!
You die...
Your body crumbles into a pile of gold.

##.....
..................#....
# #....
..................##...
. ..
.................## ...
.............Y...#
..........#Y.Y.....
.........######....
......YY.# #..#
......FY## Y. ......#♣#
.....#### ..... ....
... .


You could see 3 yaks and a cane toad.

Vanquished Creatures
  4 two-headed ogres
  Nergalle (D:11)
  A lindwurm (D:11)
  Pikel (D:7)
  2 cane toads
  An unseen horror (D:11)
  A rime drake (Lair:1)
  3 komodo dragons
  2 trolls
  A hornet (D:10)
  Sigmund (D:2)
  2 shadows
  A basilisk (Lair:1)
  A wraith (D:10)
  A wyvern (D:9)
  18 yaks
  4 vampire mosquitoes (D:11)
  Menkaure (D:6)
  3 steam dragons
  A warg (D:11)
  2 water moccasins
  2 ice beasts (D:6)
  5 orc warriors
  2 sky beasts (D:9)
  2 ogres
  4 centaurs
  A lemure (D:6)
  2 phantoms
  3 bullfrogs
  3 scorpions
  A gnoll sergeant (D:10)
  4 wights (D:8)
  6 killer bees
  3 electric eels (D:10)
  3 jellies
  9 orc priests
  3 hounds
  Jessica (D:2)
  7 iguanas
  9 orc wizards
  13 gnolls
  5 adders
  3 white imps
  2 dart slugs (D:1)
  34 orcs
  2 endoplasms
  A giant cockroach (D:3)
  7 hobgoblins
  5 quokkas
  8 ball pythons
  6 bats
  3 frilled lizards
  9 goblins
  5 kobolds
  3 rats
228 creatures vanquished.

Vanquished Creatures (others)
  A sky beast (D:9)
1 creature vanquished.

Grand Total: 229 creatures vanquished

Notes
Turn   | Place    | Note
-------+----------+-------------------------------------------
     0 | D:1      | monsoonserge the Tengu Reaver began the quest for the Orb.
     0 | D:1      | Reached XP level 1. HP: 12/12 MP: 4/4
    75 | D:1      | Reached XP level 2. HP: 15/17 MP: 6/6
   363 | D:1      | Reached XP level 3. HP: 4/20 MP: 5/7
   989 | D:2      | Noticed Jessica
   990 | D:2      | Noticed Sigmund
  1015 | D:3      | Reached skill level 1 in Short Blades
  1015 | D:3      | Reached skill level 1 in Necromancy
  1081 | D:3      | Reached XP level 4. HP: 13/23 MP: 4/8
  1081 | D:3      | Found a bloodstained altar of Trog.
  1210 | D:3      | Identified the +11 whip of Demand {flame, rN+ Int+4}
  1322 | D:3      | Reached skill level 1 in Armour
  1904 | D:2      | Killed Jessica
  1957 | D:2      | Killed Sigmund
  1958 | D:2      | Reached skill level 4 in Maces & Flails
  1958 | D:2      | Gained mutation: Your magical nature lets you fly swiftly
                  | and evasively. [Tengu growth]
  1958 | D:2      | Reached XP level 5. HP: 31/31 MP: 9/9
  1958 | D:2      | Reached XP level 6. HP: 36/36 MP: 10/10
  2133 | D:2      | Reached skill level 5 in Maces & Flails
  2526 | D:4      | Reached skill level 6 in Maces & Flails
  2529 | D:4      | Reached XP level 7. HP: 28/40 MP: 11/11
  2727 | D:4      | Found a staircase to the Ecumenical Temple.
  2736 | Temple   | Entered the Ecumenical Temple
  2746 | Temple   | Reached skill level 5 in Conjurations
  2944 | Temple   | Became a worshipper of Gozag Ym Sagoz the Greedy
  3002 | D:4      | Reached skill level 7 in Maces & Flails
  3289 | D:5      | Entered Level 5 of the Dungeon
  3421 | D:5      | Reached XP level 8. HP: 48/48 MP: 12/12
  3744 | D:6      | Reached skill level 8 in Maces & Flails
  4288 | D:6      | Reached skill level 9 in Maces & Flails
  4552 | D:7      | Noticed Maggie
  4573 | D:7      | Found a hide-covered altar of Uskayaw.
  4573 | D:7      | Noticed Pikel
  4576 | D:7      | Noticed Menkaure
  4584 | D:6      | Killed Menkaure
  4585 | D:6      | Reached XP level 9. HP: 21/52 MP: 13/13
  4766 | D:7      | Reached skill level 10 in Maces & Flails
  4802 | D:7      | Found a runed translucent gate.
  4802 | D:7      | Found a runed translucent gate.
  4802 | D:7      | Found a runed translucent gate.
  4804 | D:7      | Noticed PaiMei's ghost (novice DsNe)
  4804 | D:7      | Noticed gummybears's ghost (novice TrFi)
  4806 | D:7      | Noticed ritesign's ghost (novice DgCj)
  4806 | D:7      | Noticed TheCrowQ's ghost (novice DsIE)
  4944 | D:7      | Found Tucaegh's Distillery.
  4952 | D:7      | Bought a potion of curing for 39 gold pieces
  4952 | D:7      | Bought a potion of magic for 104 gold pieces
  4968 | D:7      | Found Boliq's Assorted Antiques.
  4980 | D:7      | Reached skill level 5 in Dodging
  5005 | D:7      | Bought a scroll labelled KUOSHRO UPUSTRE for 29 gold pieces
  5005 | D:7      | Bought an embroidered cloak for 217 gold pieces
  5010 | D:7      | Bought a bronze wand for 116 gold pieces
  5100 | D:7      | Found Typtekas's Antique Weapon Shoppe.
  5124 | D:7      | Reached skill level 1 in Evocations
  5268 | D:7      | Killed Pikel
  5269 | D:7      | Reached skill level 5 in Fighting
  5269 | D:7      | Reached skill level 11 in Maces & Flails
  5495 | D:7      | Found Buck's Armour Shoppe.
  5709 | D:8      | Noticed a two-headed ogre
  6133 | D:8      | Acquired the ring "Fonled" {rN+ Str+6}
  6210 | D:8      | Killed a two-headed ogre
  6211 | D:8      | Reached skill level 12 in Maces & Flails
  6211 | D:8      | Reached XP level 10. HP: 51/60 MP: 12/15
  6424 | D:9      | Reached skill level 1 in Throwing
  6438 | D:9      | Found a basalt altar of Yredelemnul.
  6733 | D:9      | Found a staircase to the Lair.
  6914 | D:9      | Found Baasit's Distillery.
  6932 | D:9      | Bought a potion of heal wounds for 80 gold pieces
  6952 | D:9      | Found a shimmering blue altar of Sif Muna.
  7056 | D:10     | Entered Level 10 of the Dungeon
  7254 | D:10     | Noticed a two-headed ogre
  7299 | D:10     | Killed a two-headed ogre
  7300 | D:10     | Reached XP level 11. HP: 25/68 MP: 14/16
  7634 | D:10     | Noticed a two-headed ogre
  7640 | D:10     | Killed a two-headed ogre
  7897 | D:10     | Found a transporter.
  7899 | D:10     | Noticed a two-headed ogre
  7899 | D:10     | Noticed turdburglar's ghost (journeyman TrFi)
  7900 | D:10     | Noticed a two-headed ogre
  7901 | D:10     | Noticed a two-headed ogre
  7902 | D:10     | Identified the +4 great mace of Sepeelubb {speed, rC+ rN+}
  7902 | D:10     | Identified the +6 great mace "Xoxobb" {venom, Contam rF+++
                  | Will++}
  7902 | D:10     | Noticed a two-headed ogre
  7999 | D:10     | Learned a level 4 spell: Iskenderun's Mystic Blast
  8074 | D:11     | Found Souxaestro's Book Emporium.
  8202 | D:11     | Noticed a two-headed ogre
  8215 | D:11     | Killed a two-headed ogre
  8219 | D:11     | Found a staircase to the Orcish Mines.
  8424 | D:11     | Noticed Nergalle
  8442 | D:11     | Killed Nergalle
  8443 | D:11     | Reached skill level 1 in Translocations
  8550 | D:11     | Reached skill level 10 in Dodging
  8699 | D:11     | Noticed a lindwurm
  8699 | D:11     | Noticed a lindwurm
  8745 | D:11     | Noticed a lindwurm
  9088 | D:11     | Noticed a lindwurm
  9098 | D:11     | Killed a lindwurm
  9196 | D:10     | Noticed a two-headed ogre
  9203 | D:10     | Found a transporter.
  9276 | Lair:1   | Entered Level 1 of the Lair of Beasts
  9332 | D:9      | Reached XP level 12. HP: 22/70 MP: 6/17
  9633 | Lair:1   | HP: 2/106 [cane toad (6)]
  9635 | Lair:1   | Slain by a cane toad

Illustrated notes

Levels and vault maps discovered:
D:1:      dpeg_arrival_fog, layout_basic
D:2:      layout_basic, hangedman_decor_growths, serial_bayou_ford_a,
          uniq_jessica, uniq_sigmund
D:3:      layout_loops_ring, trog_antimagical, chequers_avenue
D:4:      layout_rooms, minmay_temple_entry_large_hall
D:5:      layout_rooms
D:6:      layout_loops_ring
D:7:      layout_basic, nicolae_uskayaw_murder_on_the_dancefloor, serial_shops,
          shop, kennysheep_mini_moat, shop_statue, gammafunk_ghost_cemetery,
          nicolae_inconvenience_store, uniq_pikel, uniq_maggie, uniq_menkaure
D:8:      layout_basic
D:9:      layout_gridville, yredelemnul_altar_generic,
          mainiacjoe_overflow_alcove_4, lair_entry_dummy, serial_shops,
          nicolae_diamond_shop, hangedman_misty_isle
D:10:     layout_basic, gammafunk_ghost_smash
D:11:     layout_cave_pods, erik_orc_3, serial_shops, shop,
          minmay_lindwurm_lava, uniq_nergalle
Temple:   hc_temple_tempest_star
Lair:1:   layout_hall_layers, lemuel_old_faithful

Skill      XL: |  1  2  3  4  5  6  7  8  9 10 11 |
---------------+----------------------------------+-----
Short Blades   | 1 |  1.2
Necromancy     | 1 |  1.0
Armour         | 1 4 |  4.9
Maces & Flails | 4 6 7 9 12 | 12.0
Dodging        | 3 4 6 8 10 | 10.6
Conjurations   | 5 6 7 |  7.0
Fighting       | 3 4 5 8 9 |  9.7
Evocations     | 1 |  1.0
Spellcasting   | 3 |  3.0
Throwing       | 2 4 |  4.7
Translocations | 2 |  2.8

Action                     |  1- 3 |  4- 6 |  7- 9 | 10-12 || total
---------------------------+-------+-------+-------+-------++-------
  Melee: Mace              |    17 |       |       |       ||    17
         Kick              |    17 |    10 |    63 |    98 ||   188
         Peck              |     9 |     8 |    33 |    52 ||   102
         Dagger            |    48 |     1 |       |       ||    49
         Whip              |       |    53 |   205 |   320 ||   578
         Punch             |       |       |     3 |     8 ||    11
  Throw: Boomerang         |       |     2 |       |       ||     2
         Dart              |       |       |     5 |    29 ||    34
   Cast: Kiss of Death     |     2 |       |     1 |     7 ||    10
         Iskenderun's Myst |       |       |       |     3 ||     3
    Use: Scroll            |       |       |    16 |     3 ||    19
         Potion            |       |       |       |     6 ||     6
   Stab: Sleeping          |     1 |     1 |       |       ||     2
         Distracted        |       |       |     2 |       ||     2
 Armour: Leather armour    |    14 |       |       |    28 ||    42
         Ring mail         |       |    12 |       |       ||    12
         Robe              |       |     7 |    29 |    19 ||    55
         Skin              |       |       |       |    12 ||    12
  Dodge: Dodged            |    40 |    36 |    76 |   200 ||   352
